 Dungeon Crawl Stone Soup version 0.27.1-33-g824d729ab1 (webtiles) character file.

Game seed: 17727951178932372113

198 caelumdeity the Shield-Bearer (level 5, -2/43 HPs)
             Began as a Palentonga Fighter on Dec 17, 2021.
             Was an Initiate of Okawaru.
             Slain by Crazy Yiuf (3 damage)
             ... on level 2 of the Dungeon.
             The game lasted 00:20:07 (1987 turns).

caelumdeity the Shield-Bearer (Palentonga Fighter)  Turns: 1987, Time: 00:20:09

Health: -2/43      AC:  7    Str: 20    XL:     5   Next: 47%
Magic:  5/5        EV:  6    Int:  8    God:    Okawaru [......]
Gold:   66         SH: 10    Dex: 10    Spells: 4/4 levels left

rFire    + . .     SeeInvis +   a - +0 war axe
rCold    . . .     Faith    .   c - +0 kite shield
rNeg     . . .     Spirit   .   i - +0 scale mail
rPois    .         Reflect  .   e - +1 hat
rElec    .         Harm     .   (no cloak)
rCorr    +         Rampage  .   (no gloves)
Will     .....                  (no barding)
Stlth    ..........             (no amulet)
HPRegen  0.14/turn              f - ring of protection from fire
MPRegen  0.09/turn              q - ring of resist corrosion

@: lethally poisoned (-2 -> -5)
A: large, rugged brown scales 3, see invisible, deformed body, roll 1, armoured
tail
a: Rolling Charge, Renounce Religion


You were on level 2 of the Dungeon.
You worshipped Okawaru.
Okawaru was noncommittal.
You visited 1 branch of the dungeon, and saw 3 of its levels.

You collected 66 gold pieces.

Inventory:

Hand Weapons
 a - a +0 war axe (weapon)
 b - a +3 hunting sling
Missiles
 g - 36 poisoned darts
 n - 45 sling bullets
 s - 6 atropa-tipped darts
Armour
 c - a +0 kite shield (worn)
 e - a +1 hat (worn)
 i - a +0 scale mail (worn)
Jewellery
 f - a ring of protection from fire (left hand)
 q - a ring of resist corrosion (right hand)
Scrolls
 j - a scroll of identify {unknown}
 k - a scroll of enchant weapon {unknown}
 m - a scroll of holy word {unknown}
 o - 3 scrolls of enchant armour {unknown}
 p - a scroll of fog {unknown}
 r - a scroll of noise {unknown}
Potions
 d - a potion of might
 h - a potion of berserk rage {unknown}
 l - a potion of curing {unknown}


   Skills:
 - Level 3.0 Fighting
 - Level 2.0 Axes
 - Level 2.4 Armour
 + Level 5.2 Shields


You had 4 spell levels left.
You didn't know any spells.
Your spell library was empty.

Dungeon Overview and Level Annotations

Branches:
Dungeon (3/15)

Altars:
Okawaru

Annotations:
D:2 Crazy Yiuf
D:3 Grinder, Sigmund


Innate Abilities, Weirdness & Mutations

You are completely covered in rugged brown scales. (AC +3, +7% HP)
You have supernaturally acute eyesight. (SInv)
Armour fits poorly on your strangely shaped body.
You can roll at nearby foes to attack.
You have a long armoured tail.


Message History

There is a stone staircase leading down here.
n - 45 sling bullets (gained 9)
You see here 6 atropa-tipped darts.
s - 6 atropa-tipped darts HP restored.
You see here a +0 club.
There is a stone staircase leading up here.
Things that are here:
a +0 robe; a +0 club
Things that are here:
a +0 club; a goblin skeleton You see here a +0 dagger.
Found 9 stones.
Found a chain mail.
You see here a ring of see invisible.
You see here 47 stones.
There is a stone staircase leading up here.
Things that are here:
a +0 club; a goblin skeleton
Things that are here:
a +0 robe; a +0 club You see here a +0 short sword.
Crazy Yiuf shouts!
As you open the door, it creaks loudly!
Crazy Yiuf hits you with a +3 quarterstaff of chaos.
You are poisoned.
There is an open translucent door here.
a - a +0 war axe (weapon)
You feel sick.
Crazy Yiuf hits you with a +3 quarterstaff of chaos!
You are electrocuted!
You closely miss Crazy Yiuf.
You feel sick. Crazy Yiuf barely misses you.
You slash Crazy Yiuf!
You tail-slap Crazy Yiuf, but do no damage.
Crazy Yiuf is heavily wounded.
You feel sick.
Crazy Yiuf hits you with a +3 quarterstaff of chaos!
* * * LOW HITPOINT WARNING * * *
Crazy Yiuf freezes you.
You die...

...# #....#
#....#....
...# #....#
####.#.###
..)###
#...## #.#.#
.....# ##)##
#.#.# ..^..#
#.## #.#.#
.....#######
##.# #...#
...(.#.....#
#.## #####
...........#
##.#
....#......#
#@#
#####=.....#
#.g.#
##.....#
#...#
######.....#
#..)#
#..........#
#####
#..........#
#..........#
########
#........###
#(....[#
#.........#
#......#


You could see Crazy Yiuf.

Vanquished Creatures
  A phantom (D:3)
  Jessica (D:2)
  3 adders
  An adder skeleton (D:2)
  A dart slug (D:2)
  6 endoplasms
  4 giant cockroaches
  7 goblins
  4 hobgoblins
  9 jackals
  7 kobolds
  A quokka (D:1)
  5 ball pythons (D:1)
  2 bats (D:3)
  3 frilled lizards
  4 rats
59 creatures vanquished.

Notes
Turn   | Place    | Note
-------+----------+-------------------------------------------
     0 | D:1      | caelumdeity the Palentonga Fighter began the quest for the
                  | Orb.
     0 | D:1      | Reached XP level 1. HP: 19/19 MP: 1/1
   242 | D:2      | Noticed Jessica
   350 | D:2      | Reached skill level 3 in Shields
   350 | D:2      | Reached XP level 2. HP: 25/25 MP: 2/2
   595 | D:1      | Reached XP level 3. HP: 31/31 MP: 3/3
   843 | D:1      | Found a faded altar of an unknown god.
  1172 | D:3      | Noticed a phantom
  1172 | D:3      | Found an iron altar of Okawaru.
  1239 | D:2      | Reached skill level 4 in Shields
  1317 | D:3      | Killed a phantom
  1318 | D:3      | Reached XP level 4. HP: 25/37 MP: 4/4
  1318 | D:3      | Reached XP level 5. HP: 29/43 MP: 5/5
  1323 | D:3      | Became a worshipper of Warmaster Okawaru
  1512 | D:3      | Noticed Grinder
  1592 | D:2      | Reached skill level 5 in Shields
  1620 | D:2      | Killed Jessica
  1710 | D:2      | Found a runed translucent door.
  1712 | D:2      | Noticed Crazy Yiuf
  1739 | D:3      | Noticed Sigmund
  1987 | D:2      | HP: 1/43 [Crazy Yiuf (12)]
  1987 | D:2      | Slain by Crazy Yiuf

Illustrated notes

Levels and vault maps discovered:
D:1:      matt_arrival_spirals, layout_basic,
          dreamdust_ecumenical_altar_angels_and_demons
D:2:      layout_basic, uniq_crazy_yiuf_cottage, uniq_jessica
D:3:      layout_rooms, overflow_temple_1_default, serial_shops, shop,
          uniq_robin, uniq_sigmund, uniq_grinder

Skill      XL: |  1  2  3  4  5 |
---------------+----------------+-----
Shields        | 3 4 5 |  5.2
Fighting       | |  3.0
Axes           | |  2.0
Armour         | |  2.4

Action                   |  1- 3 |  4- 6 || total
-------------------------+-------+-------++-------
Melee: War axe           |    55 |    21 ||    76
       Tailslap          |     7 |     3 ||    10
 Fire: Hunting sling     |    47 |    11 ||    58
Armor: Scale mail        |    43 |    12 ||    55
Dodge: Dodged            |    14 |     5 ||    19
Block: Kite shield       |    32 |    10 ||    42
